 Dungeon Crawl Stone Soup version 0.25-a0-424-g80bd347ae0 (webtiles) character file.

Game seed: 11625930543013254782, levelgen mode: deterministic

50 tilp the Gusty (level 3, 0/20 HPs)
             Began as a Tengu Air Elementalist on Jan 22, 2020.
             Slain by a killer bee zombie (8 damage)
             ... on level 3 of the Dungeon.
             The game lasted 00:03:37 (2398 turns).

tilp the Gusty (Tengu Air Elementalist)             Turns: 2398, Time: 00:03:37

Health: 0/20       AC:  3    Str:  8    XL:     3   Next: 79%
Magic:  5/7        EV: 12    Int: 16    God:
Gold:   93         SH:  0    Dex: 14    Spells: 0/6 levels left

rFire    . . .     SeeInvis .   a - +0 trident
rCold    . . .     Gourm    .   (no shield)
rNeg     + . .     Faith    .   r - +0 robe
rPois    .         Spirit   .   (helmet restricted)
rElec    .         Reflect  .   (no cloak)
rCorr    .         Harm     .   k - +0 pair of gloves
MR       .....                  (boots unavailable)
Stlth    ++........             (no amulet)
HPRegen  0.06/turn              (no ring)
MPRegen  0.10/turn              p - ring of positive energy

@: no status effects
A: beak, talons 3
a: no special abilities


You were on level 3 of the Dungeon.
You were not hungry.

You visited 1 branch of the dungeon, and saw 3 of its levels.

You collected 93 gold pieces.

Inventory:

Hand Weapons
 a - a +0 trident (weapon)
 b - a +0 hunting sling
Missiles
 e - 124 stones (quivered)
 f - 50 sling bullets
Armour
 k - a +0 pair of gloves (worn)
 r - a +0 robe (worn)
Jewellery
 p - a ring of positive energy (right hand)
Scrolls
 g - a scroll of blinking {unknown}
 h - a scroll of teleportation {unknown}
 i - a scroll of identify {unknown}
 m - a scroll of amnesia {unknown}
 o - a scroll of fear {unknown}
 s - a scroll of fog {unknown}
Potions
 d - a potion of heal wounds {unknown}
 n - a potion of haste {unknown}
 q - a potion of mutation {unknown}
Comestibles
 c - 4 rations


   Skills:
 + Level 0.7 Fighting
 - Level 2.1 Dodging
 - Level 2.0 Stealth
 - Level 2.0 Spellcasting
 + Level 4.2 Conjurations
 + Level 4.2 Air Magic


You couldn't memorise any spells.
You knew the following spells:

 Your Spells              Type           Power        Failure   Level  Hunger
a - Shock                 Conj/Air       ###.         3%          1    #......
b - Swiftness             Chrm/Air       #.......     13%         2    ###....
c - Static Discharge      Conj/Air       ###.....     11%         3    ###....

Your spell library contained the following spells:

 Spells                   Type           Power        Failure   Level  Hunger
 Airstrike                Air            ###.......   34%         4    #####..
 Lightning Bolt           Conj/Air       ###.......   69%         5    ######.


Dungeon Overview and Level Annotations

Branches:
Dungeon (3/15)

Altars:


Innate Abilities, Weirdness & Mutations

You have a beak for a mouth.
You have claws for feet.


Message History

Confirm with . or Enter, or press ? or * to list all spells.
Aiming: Shock (safe; 3% risk of failure)
Press: ? - help, Shift-Dir - straight line, f - killer bee zombie
Aim: a killer bee zombie The zap hits the killer bee zombie.
The killer bee zombie is lightly damaged.
The killer bee zombie hits you.
The killer bee zombie hits you but does no damage.
Casting: Shock (safe; 3% risk of failure)
Confirm with . or Enter, or press ? or * to list all spells.
Aiming: Shock (safe; 3% risk of failure)
Press: ? - help, Shift-Dir - straight line, f/p - killer bee zombie
Aim: a killer bee zombie (lightly damaged)
The zap hits the killer bee zombie.
The killer bee zombie is moderately damaged.
The killer bee zombie misses you. x2
The killer bee zombie hits you.
* * * LOW HITPOINT WARNING * * *
The killer bee zombie hits you!
You die...

#........ ##########
#...#####
.........#####.##
...............#
########.####### #.# #####
#.# #...######
#############.###.........
#.......Z@....#.......####
#.##########..........#
#.##.......# #.####....##
#.####....# #.......#.#
#######.#.# #.#.#
#.#.#####


You could see a killer bee zombie.

Vanquished Creatures
  2 dart slugs
  2 leopard geckos
  A ball python (D:1)
  2 giant cockroaches
  6 goblins
  2 hobgoblins
  8 jackals
  5 bats
  4 kobolds
  9 rats
41 creatures vanquished.

Notes
Turn   | Place    | Note
-------+----------+-------------------------------------------
     0 | D:1      | tilp the Tengu Air Elementalist began the quest for the
                  | Orb.
     0 | D:1      | Reached XP level 1. HP: 10/10 MP: 4/4
   360 | D:1      | Reached XP level 2. HP: 15/15 MP: 4/6
   388 | D:1      | Learned a level 2 spell: Swiftness
  1135 | D:2      | Reached XP level 3. HP: 19/19 MP: 3/7
  1307 | D:2      | Learned a level 3 spell: Static Discharge
  2398 | D:3      | Slain by a killer bee zombie

Levels and vault maps discovered:
D:1:      dpeg_arrival_stone_temple_mockup, layout_loops_corners, hex_tiny
D:2:      cheibrodos_old_hovel, layout_basic
D:3:      layout_loops_ring, first_ration, uniq_crazy_yiuf_cottage

Skill      XL: |  1  2  3 |
---------------+----------+-----
Conjurations   | 2 3 4 |  4.2
Fighting       | |  0.7
Dodging        | |  2.1
Stealth        | |  2.0
Spellcasting   | |  2.0
Air Magic      | |  4.2

Action                   || total
-------------------------++-------
Melee: Trident           ||     8
       Kick              ||     1
 Cast: Shock             ||    70
  Use: Scroll            ||     2
 Stab: Sleeping          ||     2
  Eat: Chunk             ||     6
Armor: Robe              ||     4
Dodge: Dodged            ||    13

Table legend:
 A = Non-vault XP
 B = Vault XP
 C = Vault XP percentage of total XP
 D = Non-vault monster count
 E = Vault monster count
 F = Vault count percentage of total count
                 A         B        C        D         E       F
            +---------+---------+-------+---------+---------+-------
      Total |      71 |       1 |   1.4 |      40 |       1 |   2.4
            +---------+---------+-------+---------+---------+-------
        D:1 |      36 |       0 |   0.0 |      21 |       0 |   0.0
        D:2 |      26 |       1 |   3.7 |      14 |       1 |   6.7
        D:3 |       9 |       0 |   0.0 |       5 |       0 |   0.0
            +---------+---------+-------+---------+---------+-------
